 Dungeon Crawl Stone Soup version 0.23.2 (webtiles) character file.

Game seed: 15699115619622962504

28 Borgoz the Sneak (level 3, 0/30 HPs)
             Began as a Ghoul Assassin on Apr 5, 2019.
             Slain by Natasha (10 damage)
             ... on level 2 of the Dungeon.
             The game lasted 00:01:08 (1042 turns).

Borgoz the Sneak (Ghoul Assassin)                   Turns: 1042, Time: 00:01:09

Health: 0/30       AC:  4    Str: 14    XL:     3   Next: 14%
Magic:  2/2        EV: 11    Int:  6    God:
Gold:   25         SH:  0    Dex: 11    Spells: 2/2 levels left

rFire    . . .     SeeInvis .   a - +2 dagger
rCold    + . .     Gourm    .   (no shield)
rNeg     + + +     Faith    .   c - +0 robe
rPois    ∞         Spirit   .   (no helmet)
rElec    .         Reflect  .   d - +0 cloak
rCorr    .         Harm     .   (no gloves)
MR       .....                  h - +0 pair of boots
Stlth    +++.......             (no amulet)
HPRegen  0.00/turn              (no ring)
MPRegen  0.08/turn              (no ring)

@: rotting
A: rotting body, claws 1, carnivore, cold resistance 1, negative energy
resistance 3, inhibited regeneration, torment resistance, unbreathing
a: no special abilities


You were on level 2 of the Dungeon.
You were not hungry.

You visited 1 branch of the dungeon, and saw 2 of its levels.

You collected 25 gold pieces.

Inventory:

Hand Weapons
 a - a +2 dagger (weapon)
 b - a +0 blowgun
Missiles
 e - 17 poisoned needles
 f - 2 curare-tipped needles
Armour
 c - a +0 robe (worn)
 d - a +0 cloak (worn)
 h - a +0 pair of boots (worn)
Scrolls
 i - a scroll of enchant armour {unknown}
 j - a scroll of identify {unknown}
 l - a scroll of remove curse {unknown}
 n - 2 scrolls of amnesia {unknown}
 o - a scroll of random uselessness {unknown}
 q - a scroll of blinking {unknown}
Potions
 k - 3 potions of curing {unknown}
 m - 2 potions of lignification {unknown}
 p - 3 potions of mutation {unknown}
Comestibles
 g - 3 rations


   Skills:
 + Level 2.6 Fighting
 + Level 2.0 Short Blades
 + Level 1.8 Throwing
 + Level 1.0 Dodging
 + Level 5.1 Stealth


You had 2 spell levels left.
You didn't know any spells.
Your spell library was empty.

Dungeon Overview and Level Annotations

Branches:
Dungeon (2/15)

Altars:
Cheibriados
Uskayaw
The Shining One

Annotations:
D:2 Natasha


Innate Abilities, Weirdness & Mutations

Your body is rotting away.
You thrive on raw meat.
You are immune to poison.
You have sharp fingernails.
You are carnivorous and can eat meat at any time.
Your flesh is cold resistant. (rC+)
You are immune to negative energy. (rN+++)
You do not regenerate when monsters are visible.
You are immune to unholy pain and torment.
You can survive without breathing.


Message History

Natasha is heavily wounded.
Natasha claws you but does no damage.
The crimson imp summons a swarm of flies.
You hit Natasha but do no damage.
Natasha is heavily wounded.
The leopard gecko zombie bites the withered plant but does no damage.
Natasha claws you.
You barely miss Natasha.
Natasha is heavily wounded.
Natasha stares at you and mumbles some strange words.
The magic dart hits you.
You are too injured to fight recklessly!
You are too injured to fight recklessly!
You are too injured to fight recklessly!
You are too injured to fight recklessly!
You hit Natasha.
Natasha is severely wounded.
Natasha growls.
Natasha claws you!
You die...

###### .....###
#...... # # #.#.§#
#.#.#### #Z.§§# ..
...###Ph5§#
####.##.##.@8§§#
...........P§P§§.#
+###+##'##########
...........#
...........#
...........#
......)....########
##+...............#
+.....(.........#


You could see Natasha, a crimson imp and a leopard gecko zombie.

Vanquished Creatures
  An ooze (D:1)
  3 bats (D:1)
  2 giant cockroaches (D:2)
  4 hobgoblins
  2 jackals (D:1)
  2 kobolds (D:1)
  3 goblins (D:1)
  A quokka skeleton (D:2)
  4 rats (D:1)
22 creatures vanquished.

Notes
Turn   | Place    | Note
-------+----------+-------------------------------------------
     0 | D:1      | Borgoz the Ghoul Assassin began the quest for the Orb.
     0 | D:1      | Reached XP level 1. HP: 17/17 MP: 0/0
   277 | D:1      | Reached XP level 2. HP: 24/24 MP: 1/1
   662 | D:1      | Reached skill level 1 in Dodging
   699 | D:1      | Reached skill level 5 in Stealth
   758 | D:1      | Reached XP level 3. HP: 30/30 MP: 2/2
   837 | D:2      | Found a glowing golden altar of the Shining One.
   837 | D:2      | Found a snail-covered altar of Cheibriados.
   993 | D:2      | Found a hide-covered altar of Uskayaw.
  1028 | D:2      | Noticed Natasha
  1042 | D:2      | Slain by Natasha

Skill      XL: |  1  2 |
---------------+-------+-----
Short Blades   | 2 |  2.0
Dodging        | 1 |  1.0
Stealth        | 5 |  5.1
Fighting       | |  2.6
Throwing       | |  1.8

Action                   || total
-------------------------++-------
Melee: Dagger            ||    73
 Stab: Sleeping          ||     9
  Eat: Chunk             ||     4
Armor: Robe              ||    17
Dodge: Dodged            ||    27
